| TOP OF THE 1ST |
|
Princeton Rays batting - Pitching for Oakland (APP) Athletics : LHP Cory Yeary
|
|
Pitching: LHP Cory Yeary
|
|
|
Batting: RHB Alex Koral
|
0-0: Called Strike 0-1: Ball 1-1: Foul Ball, location: 2F 1-2: Ball 2-2: Ball 3-2: Fly out, F8 (Flyball, 8LD, EV 76.9 MPH)
|
|
Batting: RHB Roberto Aispuro
|
0-0: Called Strike 0-1: Ball 1-1: Called Strike 1-2: Ball 2-2: Foul Ball, location: 2F 2-2: Foul Ball, location: 2F 2-2: Ball 3-2: Fly out, F8 (Flyball, 8RD, EV 96.2 MPH)
|
|
Batting: RHB Adam Turpin
|
0-0: Ground out 6-3 (Groundball, 56, EV 104.4 MPH)
|
| Top of the 1st over - 0 runs, 0 hits, 0 errors, 0 left on base; Princeton 0 - Oakland (APP) 0 |
| BOTTOM OF THE 1ST |
|
Oakland (APP) Athletics batting - Pitching for Princeton Rays : RHP Angelo Mora
|
|
Pitching: RHP Angelo Mora
|
|
|
Batting: RHB Mike Gangi
|
0-0: Called Strike 0-1: Ball 1-1: Called Strike 1-2: Fly out, F2 (Popup, 13S, EV 81.9 MPH)
|
|
Batting: RHB Chris Bohm
|
0-0: Ball 1-0: Ball 2-0: Called Strike 2-1: Swinging Strike 2-2: Fly out, F7 (Flyball, 7, EV 89.4 MPH)
|
|
Batting: RHB Jason Dove
|
0-0: Swinging Strike 0-1: Ball 1-1: Called Strike 1-2: Ball 2-2: Strikes out swinging
|
| Bottom of the 1st over - 0 runs, 0 hits, 0 errors, 0 left on base; Princeton 0 - Oakland (APP) 0 |
| TOP OF THE 2ND |
|
Princeton Rays batting - Pitching for Oakland (APP) Athletics : LHP Cory Yeary
|
|
Batting: LHB Oscar Curiel
|
0-0: Ball 1-0: Ball 2-0: Ball 3-0: Called Strike 3-1: Base on Balls
|
|
Batting: RHB Jason Penfield
|
0-0: Ball 1-0: Called Strike 1-1: Swinging Strike 1-2: Ball 2-2: Foul Ball, location: 2F 2-2: Strikes out swinging
|
|
Batting: RHB Bobby Ross
|
0-0: Called Strike 0-1: Swinging Strike 0-2: Ball 1-2: Ball 2-2: Ball 3-2: Reached on error, E7 (Flyball, 78S, EV 90.0 MPH) Oscar Curiel to second
|
|
Batting: SHB Luis Verduzco
|
0-0: Called Strike 0-1: Fielders Choice at 2nd, 3-6 (Groundball, 34, EV 84.4 MPH) Oscar Curiel to third
|
|
Batting: RHB Wan-ling Zhu
|
0-0: Foul Ball, location: 2F 0-1: Ball 1-1: Called Strike Luis Verduzco is caught stealing 2nd base 2-4
|
| Top of the 2nd over - 0 runs, 0 hits, 1 error, 1 left on base; Princeton 0 - Oakland (APP) 0 |
| BOTTOM OF THE 2ND |
|
Oakland (APP) Athletics batting - Pitching for Princeton Rays : RHP Angelo Mora
|
|
Batting: RHB David Sharp
|
0-0: Ball 1-0: Foul Ball, location: 2F 1-1: Foul Ball, location: 2F 1-2: Strikes out swinging, 2-3 out at first.
|
|
Batting: LHB Roscoe Romaine
|
0-0: Foul Ball, location: 2F 0-1: Swinging Strike 0-2: Ball 1-2: Ball 2-2: Strikes out looking
|
|
Batting: SHB Steve Salafia
|
0-0: Ball 1-0: Ball 2-0: Ground out U3 (Groundball, 34S, EV 93.1 MPH)
|
| Bottom of the 2nd over - 0 runs, 0 hits, 0 errors, 0 left on base; Princeton 0 - Oakland (APP) 0 |
| TOP OF THE 3RD |
|
Princeton Rays batting - Pitching for Oakland (APP) Athletics : LHP Cory Yeary
|
|
Batting: RHB Wan-ling Zhu
|
0-0: Called Strike 0-1: Swinging Strike 0-2: Strikes out swinging
|
|
Batting: RHB Bogumil Filipowski
|
0-0: Called Strike 0-1: Called Strike 0-2: Ball 1-2: Ground out 5-3 (Groundball, 56, EV 80.6 MPH)
|
|
Batting: RHB Alex Koral
|
0-0: Ball 1-0: SINGLE (Line Drive, 4M, EV 94.4 MPH)
|
|
Batting: RHB Roberto Aispuro
|
0-0: Ball 1-0: Called Strike 1-1: Ball 2-1: Foul Ball, location: 2F 2-2: Strikes out swinging
|
| Top of the 3rd over - 0 runs, 1 hit, 0 errors, 1 left on base; Princeton 0 - Oakland (APP) 0 |
| BOTTOM OF THE 3RD |
|
Oakland (APP) Athletics batting - Pitching for Princeton Rays : RHP Angelo Mora
|
|
Batting: RHB Gabe Gutierrez
|
0-0: Called Strike 0-1: SINGLE (Groundball, 6D, EV 94.4 MPH)
|
|
Batting: RHB Ricardo Claros
|
0-0: Ball 1-0: Foul Ball, location: 2F 1-1: Foul Ball, location: 2F 1-2: SINGLE (Groundball, 5D, EV 102.5 MPH) Gabe Gutierrez to second
|
|
Batting: RHB Scott Lister
|
0-0: Called Strike 0-1: Ball 1-1: Fielders Choice at 2nd, 2-4 (Groundball, 15S, EV 68.8 MPH) Gabe Gutierrez to third
|
|
Batting: RHB Mike Gangi
|
0-0: Ball 1-0: Fly out, F9 (Line Drive, 9S, EV 93.1 MPH)
|
|
Batting: RHB Chris Bohm
|
0-0: Ball 1-0: Ball 2-0: Foul Ball, location: 2F 2-1: Swinging Strike 2-2: Foul Ball, location: 2F 2-2: SINGLE (Groundball, 56S, EV 61.9 MPH) (infield hit) Gabe Gutierrez scores Scott Lister to second
|
|
Batting: RHB Jason Dove
|
0-0: Ball 1-0: Called Strike 1-1: Called Strike 1-2: Foul Ball, location: 2F 1-2: Foul Ball, location: 2F 1-2: Fielders Choice at 2nd, 6-4 (Groundball, 6, EV 107.5 MPH)
|
| Bottom of the 3rd over - 1 run, 3 hits, 0 errors, 2 left on base; Princeton 0 - Oakland (APP) 1 |
| TOP OF THE 4TH |
|
Princeton Rays batting - Pitching for Oakland (APP) Athletics : LHP Cory Yeary
|
|
Batting: RHB Adam Turpin
|
0-0: SINGLE (Line Drive, 89S, EV 91.2 MPH)
|
|
Batting: LHB Oscar Curiel
|
0-0: Ball 1-0: Ball Wild Pitch! Adam Turpin to second 2-0: Ball 3-0: Foul Ball, location: 2F 3-1: Base on Balls
|
|
Batting: RHB Jason Penfield
|
0-0: Ball 1-0: Foul Ball, location: 2F 1-1: Foul Ball, location: 2F 1-2: Foul Ball, location: 2F 1-2: Fielders Choice at 2nd, 6-4 (Groundball, 6, EV 83.8 MPH) Adam Turpin to third
|
|
Batting: RHB Bobby Ross
|
0-0: Foul Ball, location: 2F 0-1: Ball 1-1: 3-RUN HOME RUN (Flyball, 89XD, EV 96.2 MPH), Distance : 385 ft
|
|
Batting: SHB Luis Verduzco
|
0-0: Called Strike 0-1: Ball 1-1: Foul Ball, location: 2F 1-2: Strikes out swinging
|
|
Batting: RHB Wan-ling Zhu
|
0-0: Foul Ball, location: 2F 0-1: Ball 1-1: Ball 2-1: Ball 3-1: Called Strike 3-2: Fly out, F9 (Line Drive, 9, EV 88.8 MPH)
|
| Top of the 4th over - 3 runs, 2 hits, 0 errors, 0 left on base; Princeton 3 - Oakland (APP) 1 |
| BOTTOM OF THE 4TH |
|
Oakland (APP) Athletics batting - Pitching for Princeton Rays : RHP Angelo Mora
|
|
Batting: RHB David Sharp
|
0-0: SINGLE (Groundball, 5S, EV 67.5 MPH) (infield hit)
|
|
Batting: LHB Roscoe Romaine
|
0-0: Ball Pickoff Throw to First - Out! 1-3 1-0: Called Strike 1-1: Foul Ball, location: 2F 1-2: Foul Ball, location: 2F 1-2: Strikes out swinging
|
|
Batting: SHB Steve Salafia
|
0-0: Ball 1-0: Called Strike 1-1: Called Strike 1-2: Ball 2-2: Foul Ball, location: 2F 2-2: Ground out 4-3 (Groundball, 34D, EV 102.5 MPH)
|
| Bottom of the 4th over - 0 runs, 1 hit, 0 errors, 0 left on base; Princeton 3 - Oakland (APP) 1 |
| TOP OF THE 5TH |
|
Princeton Rays batting - Pitching for Oakland (APP) Athletics : LHP Cory Yeary
|
|
Batting: RHB Bogumil Filipowski
|
0-0: Foul Ball, location: 2F 0-1: Called Strike 0-2: Strikes out swinging
|
|
Batting: RHB Alex Koral
|
0-0: Called Strike 0-1: Swinging Strike 0-2: Ball 1-2: Ball 2-2: Ball 3-2: Base on Balls
|
|
Pitching: RHP Juan Luna
|
|
|
Batting: RHB Roberto Aispuro
|
0-0: Ball Alex Koral is caught stealing 2nd base 2-4 1-0: Swinging Strike 1-1: Ball 2-1: Ball 3-1: Foul Ball, location: 2F 3-2: Strikes out swinging, 2-3 out at first.
|
| Top of the 5th over - 0 runs, 0 hits, 0 errors, 0 left on base; Princeton 3 - Oakland (APP) 1 |
| BOTTOM OF THE 5TH |
|
Oakland (APP) Athletics batting - Pitching for Princeton Rays : RHP Angelo Mora
|
|
Batting: RHB Gabe Gutierrez
|
0-0: Swinging Strike 0-1: Ground out 6-3 (Groundball, 6M, EV 89.4 MPH)
|
|
Batting: RHB Ricardo Claros
|
0-0: Ball 1-0: Swinging Strike 1-1: Ball 2-1: Swinging Strike 2-2: SOLO HOME RUN (Flyball, 78XD, EV 105.0 MPH), Distance : 417 ft
|
|
Batting: RHB Scott Lister
|
0-0: Ball 1-0: Hit by Pitch
|
|
Batting: RHB Mike Gangi
|
0-0: Ball Scott Lister steals 2nd, throwing error, E2 Scott Lister to third 1-0: Foul Ball, location: 2F 1-1: Ball 2-1: DOUBLE (Flyball, 78D, EV 103.1 MPH) Scott Lister scores
|
|
Batting: RHB Chris Bohm
|
0-0: Ball 1-0: Ground out 5-3 (Groundball, 56, EV 100.6 MPH)
|
|
Batting: RHB Jason Dove
|
0-0: Ground out 6-3 (Groundball, 6M, EV 104.4 MPH)
|
| Bottom of the 5th over - 2 runs, 2 hits, 1 error, 1 left on base; Princeton 3 - Oakland (APP) 3 |
| TOP OF THE 6TH |
|
Princeton Rays batting - Pitching for Oakland (APP) Athletics : RHP Juan Luna
|
|
Batting: RHB Adam Turpin
|
0-0: Swinging Strike 0-1: SINGLE (Groundball, 4MD, EV 108.8 MPH)
|
|
Batting: LHB Oscar Curiel
|
0-0: Called Strike Adam Turpin is caught stealing 2nd base 2-6 0-1: Hit by Pitch
|
|
Batting: RHB Jason Penfield
|
0-0: Called Strike 0-1: Ball 1-1: Ball 2-1: Swinging Strike 2-2: Fly out, F7 (Flyball, 7D, EV 97.5 MPH)
|
|
Batting: RHB Bobby Ross
|
0-0: Called Strike 0-1: SINGLE (Groundball, 34D, EV 106.9 MPH) Oscar Curiel to second Runner from 2nd tries for 3rd, SAFE, throw by RF made to third
|
|
Batting: SHB Luis Verduzco
|
0-0: Ball 1-0: Called Strike 1-1: Called Strike 1-2: Strikes out swinging
|
| Top of the 6th over - 0 runs, 2 hits, 0 errors, 2 left on base; Princeton 3 - Oakland (APP) 3 |
| BOTTOM OF THE 6TH |
|
Oakland (APP) Athletics batting - Pitching for Princeton Rays : RHP Angelo Mora
|
|
Batting: RHB David Sharp
|
0-0: Ball 1-0: Foul Ball, location: 2F 1-1: Called Strike 1-2: Strikes out looking
|
|
Batting: LHB Roscoe Romaine
|
0-0: Called Strike 0-1: TRIPLE (Line Drive, 89XD, EV 103.1 MPH)
|
|
Batting: SHB Steve Salafia
|
0-0: Intentional Walk
|
|
Batting: RHB Gabe Gutierrez
|
0-0: Called Strike 0-1: Ball 1-1: Ball 2-1: Ball 3-1: Called Strike 3-2: Strikes out swinging
|
|
Batting: RHB Ricardo Claros
|
0-0: Ball 1-0: Foul Ball, location: 2F 1-1: Foul Ball, location: 2F 1-2: Hit by Pitch Steve Salafia to second
|
|
Batting: RHB Scott Lister
|
0-0: Ball 1-0: Ball 2-0: Ball 3-0: Called Strike 3-1: Foul Ball, location: 2F 3-2: Strikes out swinging
|
| Bottom of the 6th over - 0 runs, 1 hit, 0 errors, 3 left on base; Princeton 3 - Oakland (APP) 3 |
| TOP OF THE 7TH |
|
Princeton Rays batting - Pitching for Oakland (APP) Athletics : RHP Juan Luna
|
|
Pinch Hitting: SHB Joshua Jackson
|
0-0: Called Strike 0-1: SOLO HOME RUN (Flyball, 78XD, EV 98.1 MPH), Distance : 406 ft
|
|
Pinch Hitting: SHB Ray Luna
|
0-0: Ball 1-0: Foul Ball, location: 2F 1-1: Swinging Strike 1-2: Foul Ball, location: 2F 1-2: Strikes out swinging
|
|
Batting: RHB Alex Koral
|
0-0: Ball 1-0: Ball 2-0: Ball 3-0: Base on Balls
|
|
Batting: RHB Roberto Aispuro
|
0-0: Ball 1-0: Ball 2-0: Ground out 5-3 (Groundball, P, EV 90.0 MPH) Alex Koral to second
|
|
Batting: RHB Adam Turpin
|
0-0: Ball 1-0: Called Strike 1-1: Foul Ball, location: 2F 1-2: Strikes out swinging
|
| Top of the 7th over - 1 run, 1 hit, 0 errors, 1 left on base; Princeton 4 - Oakland (APP) 3 |
| BOTTOM OF THE 7TH |
|
Oakland (APP) Athletics batting - Pitching for Princeton Rays : RHP Angelo Mora
|
|
Now at 2B: Alex Koral
|
|
|
Now at 3B: Jim Erdody
|
|
|
Now at SS: Joshua Jackson
|
|
|
Batting: RHB Mike Gangi
|
0-0: Ground out 4-3 (Groundball, 34D, EV 81.9 MPH)
|
|
Batting: RHB Chris Bohm
|
0-0: Ball 1-0: Called Strike 1-1: Foul Ball, location: 2F 1-2: Ground out 6-3 (Groundball, 6, EV 82.5 MPH)
|
|
Batting: RHB Jason Dove
|
0-0: Ball 1-0: Swinging Strike 1-1: Called Strike 1-2: Strikes out looking
|
| Bottom of the 7th over - 0 runs, 0 hits, 0 errors, 0 left on base; Princeton 4 - Oakland (APP) 3 |
| TOP OF THE 8TH |
|
Princeton Rays batting - Pitching for Oakland (APP) Athletics : RHP Juan Luna
|
|
Batting: LHB Oscar Curiel
|
0-0: Ball 1-0: Foul Ball, location: 2F 1-1: Foul Ball, location: 2F 1-2: Foul Ball, location: 2F 1-2: Strikes out swinging
|
|
Batting: RHB Jason Penfield
|
0-0: Fly out, F6 (Popup, 15S, EV 86.9 MPH)
|
|
Batting: RHB Bobby Ross
|
0-0: Called Strike 0-1: Ball 1-1: Ball 2-1: Swinging Strike 2-2: Strikes out swinging
|
| Top of the 8th over - 0 runs, 0 hits, 0 errors, 0 left on base; Princeton 4 - Oakland (APP) 3 |
| BOTTOM OF THE 8TH |
|
Oakland (APP) Athletics batting - Pitching for Princeton Rays : RHP Angelo Mora
|
|
Now in CF: Sean Boenig
|
|
|
Now in RF: Luis Verduzco
|
|
|
Batting: RHB David Sharp
|
0-0: Foul Ball, location: 2F 0-1: Foul Ball, location: 2F 0-2: Strikes out looking
|
|
Batting: LHB Roscoe Romaine
|
0-0: Ball 1-0: Ball 2-0: Ball 3-0: Base on Balls
|
|
Pitching: RHP Mike Balm
|
|
|
Batting: SHB Steve Salafia
|
0-0: Ball 1-0: Fielders Choice at 2nd, 4-6 (Groundball, 34D, EV 83.1 MPH)
|
|
Batting: RHB Gabe Gutierrez
|
0-0: Ball 1-0: Ball 2-0: Called Strike 2-1: Ball 3-1: Base on Balls Steve Salafia to second
|
|
Pinch Hitting: LHB Igor Ciobanu
|
0-0: Ball 1-0: Ball 2-0: Ball 3-0: Base on Balls Steve Salafia to third Gabe Gutierrez to second
|
|
Batting: RHB Scott Lister
|
0-0: Ball Wild Pitch! Steve Salafia scores Gabe Gutierrez to third Igor Ciobanu to second 1-0: Foul Ball, location: 2F 1-1: Ball 2-1: Ball 3-1: SINGLE (Groundball, 4MD, EV 98.1 MPH) Gabe Gutierrez scores Igor Ciobanu to third Runner from 3rd tries for Home, SAFE, throw by CF to home Scott Lister to second
|
|
Batting: RHB Mike Gangi
|
0-0: Foul Ball, location: 2F 0-1: Swinging Strike 0-2: Fly out, F8 (Line Drive, 89D, EV 86.2 MPH)
|
| Bottom of the 8th over - 3 runs, 1 hit, 0 errors, 1 left on base; Princeton 4 - Oakland (APP) 6 |
| TOP OF THE 9TH |
|
Princeton Rays batting - Pitching for Oakland (APP) Athletics : RHP Juan Luna
|
|
Now in LF: Marcus Pollard
|
|
|
Pinch Hitting: LHB Dave Northam
|
0-0: Ball 1-0: Ball 2-0: Called Strike 2-1: Called Strike 2-2: Ball 3-2: Base on Balls
|
|
Pitching: RHP Kyle Rasor
|
|
|
Batting: SHB Joshua Jackson
|
0-0: Called Strike 0-1: Ball 1-1: Ball 2-1: Called Strike 2-2: Ball 3-2: Foul Ball, location: 2F 3-2: SINGLE (Line Drive, 89S, EV 92.5 MPH) Dave Northam to second Dave Northam to third
|
|
Batting: RHB Jim Erdody
|
0-0: Ball 1-0: Swinging Strike 1-1: Ball 2-1: Foul Ball, location: 2F 2-2: Strikes out swinging
|
|
Batting: RHB Alex Koral
|
0-0: Ball 1-0: Called Strike 1-1: Called Strike 1-2: Strikes out swinging
|
|
Batting: RHB Roberto Aispuro
|
0-0: Foul Ball, location: 2F 0-1: Foul Ball, location: 2F 0-2: Strikes out swinging
|
| Top of the 9th over - 0 runs, 1 hit, 0 errors, 2 left on base; Princeton 4 - Oakland (APP) 6 |
|